 Dungeon Crawl Stone Soup version 0.24-a0-22-g2a401c0 (console) character file.

Game seed: 12571708791513293318

1220 Voker57 the Slasher (level 8, 0/62 HPs)
             Began as a Demonspawn Gladiator on Feb 1, 2019.
             Succumbed to an orc's poison
             ... on level 5 of the Dungeon.
             The game lasted 00:08:16 (5706 turns).

Voker57 the Slasher (Demonspawn Gladiator)          Turns: 5706, Time: 00:08:17

Health: 0/62       AC:  6    Str: 14    XL:     8   Next: 23%
Magic:  8/8        EV: 15    Int: 16    God:
Gold:   143        SH:  0    Dex: 18    Spells: 7/7 levels left

rFire    . . .     SeeInvis .   a - +1 long sword
rCold    + + .     Gourm    .   (no shield)
rNeg     . . .     Faith    .   t - +3 leather armour {rC+}
rPois    .         Spirit   .   (helmet restricted)
rElec    .         Reflect  .   (no cloak)
rCorr    .         Harm     .   (no gloves)
MR       .....                  (no boots)
Stlth    ++........             (no amulet)
HPRegen  0.20/turn              (no ring)
MPRegen  0.11/turn              (no ring)

@: brilliant, lethally poisoned (0 -> -1)
A: claws 2, hooves 2, horns 1, agile 1, cold resistance 1, nightstalker 1
a: no special abilities


You were on level 5 of the Dungeon.
You were not hungry.

You visited 1 branch of the dungeon, and saw 5 of its levels.

You collected 143 gold pieces.

Inventory:

Hand Weapons
 a - a +1 long sword (weapon)
Missiles
 d - 2 throwing nets (quivered)
Armour
 b - a +0 leather armour
 c - a +1 helmet
 i - a +0 leather armour
 t - a +3 leather armour of cold resistance (worn)
Jewellery
 e - an uncursed amulet of rage {unknown}
Scrolls
 g - a scroll of fog {unknown}
 j - 2 scrolls of noise {unknown}
 k - 3 scrolls of teleportation
 p - 4 scrolls of remove curse
 s - a scroll of identify {unknown}
 u - a scroll of magic mapping {unknown}
Potions
 m - 2 potions of haste
 n - a potion of magic
Comestibles
 f - 5 rations


   Skills:
 + Level 5.2 Fighting
 * Level 7.0 Long Blades
 - Level 1.7 Throwing
 + Level 5.2 Dodging


You had 7 spell levels left.
You didn't know any spells.
Your spell library was empty.

Dungeon Overview and Level Annotations

Branches:
Dungeon (5/15)
 Temple: D:4-7

Altars:
Fedhas
Uskayaw
Zin


Innate Abilities, Weirdness & Mutations

You have very sharp fingernails.
You have hoof-like feet.
You have a pair of small horns on your head.
Your flesh is cold resistant. (rC+)
You are slightly more attuned to the shadows.
You are agile. (Dex +2)


Message History

You hit the gnoll.
You kill the gnoll!
You feel sick.
You hit the orc.
The orc is moderately wounded.
You feel sick.
You hit the orc.
You kill the orc!
You feel sick.
You cannot move.
You start resting.
You feel sick. x4
Your transformation is almost over.
You feel sick.
You start resting.
You feel sick. x2
You feel less wooden.
Your +3 leather armour of cold resistance unmelds from your body.
You feel resistant to cold.
You die...

.?...........###8...
#.............# ###
...##.............# #..
...#.......$.###..# ##.
............##....# ##.
................#####..
................. ##...
......)...........#....
......)...#...##.......
.....)@.......####.....
.....##)##..### ...#...
#.... .......# ........
#... #.##.... ........
##.. ..# .#. ..#.....
#. ..# # ##.... ..
.....


There were no monsters in sight!

Vanquished Creatures
  2 ice beasts
  An ogre (D:5)
  2 centaurs (D:5)
  2 bullfrog skeletons
  3 hounds
  5 orc wizards
  Crazy Yiuf (D:3)
  3 orc priests
  Jessica (D:3)
  A gnoll shaman (D:4)
  An iguana (D:4)
  2 worker ants
  Robin (D:3)
  3 adders
  8 gnolls
  A shadow imp (D:5)
  4 worms (D:2)
  2 dart slugs
  2 leopard geckos
  21 orcs
  2 ball pythons
  5 giant cockroaches
  11 goblins
  12 hobgoblins
  5 jackals
  5 quokkas
  12 bats
  5 frilled lizards
  8 kobolds
  A quokka skeleton (D:5)
  12 rats
144 creatures vanquished.

Notes
Turn   | Place    | Note
-------+----------+-------------------------------------------
     0 | D:1      | Voker57 the Demonspawn Gladiator began the quest for the
                  | Orb.
     0 | D:1      | Reached XP level 1. HP: 16/16 MP: 1/1
     3 | D:1      | Noticed an electric eel
     3 | D:1      | Noticed an electric eel
   149 | D:1      | Reached skill level 3 in Long Blades
   152 | D:1      | Gained mutation: You have sharp fingernails. [demonic
                  | ancestry]
   152 | D:1      | Reached XP level 2. HP: 5/22 MP: 2/2
   895 | D:1      | Gained mutation: You have very sharp fingernails. [demonic
                  | ancestry]
   895 | D:1      | Reached XP level 3. HP: 25/28 MP: 3/3
   942 | D:2      | Found a blossoming altar of Fedhas.
  1409 | D:2      | Reached XP level 4. HP: 25/34 MP: 4/4
  1775 | D:3      | Reached skill level 4 in Long Blades
  2096 | D:3      | Noticed Jessica
  2109 | D:3      | Killed Jessica
  2109 | D:3      | Gained mutation: You have large cloven feet. [demonic
                  | ancestry]
  2109 | D:3      | Reached XP level 5. HP: 20/41 MP: 5/5
  2361 | D:3      | Noticed Robin
  2375 | D:3      | Killed Robin
  2674 | D:3      | Found a runed translucent door.
  2675 | D:3      | Noticed Crazy Yiuf
  2985 | D:3      | Killed Crazy Yiuf
  3453 | D:4      | Gained mutation: Your flesh is cold resistant. (rC+)
                  | [demonic ancestry]
  3453 | D:4      | Reached XP level 6. HP: 41/47 MP: 6/6
  3545 | D:4      | Reached skill level 5 in Long Blades
  3853 | D:5      | Entered Level 5 of the Dungeon
  4015 | D:5      | Noticed an ice beast
  4033 | D:4      | Found a glowing silver altar of Zin.
  4034 | D:4      | Found a hide-covered altar of Uskayaw.
  4388 | D:4      | Gained mutation: You have a pair of small horns on your
                  | head. [demonic ancestry]
  4388 | D:4      | Reached XP level 7. HP: 7/54 MP: 7/7
  4949 | D:4      | Reached skill level 6 in Long Blades
  5498 | D:5      | Paralysed by an orc for 7 turns
  5554 | D:5      | Gained mutation: You occasionally shout uncontrollably at
                  | your foes. [potion of mutation]
  5554 | D:5      | Gained mutation: You have a pair of horns on your head.
                  | [potion of mutation]
  5561 | D:5      | Reached skill level 5 in Fighting
  5561 | D:5      | Reached skill level 5 in Dodging
  5561 | D:5      | Gained mutation: You are slightly more attuned to the
                  | shadows. [demonic ancestry]
  5561 | D:5      | Reached XP level 8. HP: 36/62 MP: 8/8
  5577 | D:5      | Lost mutation: You occasionally shout uncontrollably at
                  | your foes. [potion of mutation]
  5577 | D:5      | Lost mutation: You have a pair of horns on your head.
                  | [potion of mutation]
  5577 | D:5      | Gained mutation: You have hoof-like feet. [potion of
                  | mutation]
  5577 | D:5      | Gained mutation: You are agile. (Dex +2) [potion of
                  | mutation]
  5578 | D:5      | niiice
  5679 | D:5      | not nice at all
  5680 | D:5      | Reached skill level 7 in Long Blades
  5693 | D:5      | HP: 4/93 [poisoned by an orc]
  5698 | D:5      | HP: 2/93 [poisoned by an orc]
  5703 | D:5      | HP: 2/93 [poisoned by an orc]
  5706 | D:5      | Succumbed to an orc's poison

Vault maps used:
D:1:      arrival_aquarium_b
D:2:      minmay_wonky_spiral, fedhas_altar_1
D:3:      first_ration, chequers_garden, uniq_jessica, uniq_robin,
          uniq_crazy_yiuf_cottage
D:4:      gammafunk_temple_overflow_pools
D:5:      minmay_temple_entry_from_below_b

Skill      XL: |  1  2  3  4  5  6  7  8 |
---------------+-------------------------+-----
Long Blades    | 3 4 5 6 7 |  7.0
Dodging        | 3 4 5 |  5.2
Fighting       | 3 4 5 |  5.2
Throwing       | |  1.7

Action                   |  1- 3 |  4- 6 |  7- 9 || total
-------------------------+-------+-------+-------++-------
Melee: Long sword        |   106 |   189 |    81 ||   376
       Kick              |       |    35 |    37 ||    72
       Headbutt          |       |       |    21 ||    21
Throw: Throwing net      |       |     6 |     5 ||    11
  Use: Scroll            |     5 |       |     1 ||     6
       Potion            |       |     1 |    10 ||    11
 Stab: Sleeping          |     2 |     1 |       ||     3
       Held in net/web   |       |     2 |     1 ||     3
  Eat: Chunk             |     1 |     3 |     5 ||     9
       Ration            |       |     2 |       ||     2
Armor: Leather armour    |    39 |    50 |    25 ||   114
       Skin              |       |       |    11 ||    11
Dodge: Dodged            |    74 |   144 |    82 ||   300
       Rpst.: Long sword |    31 |    50 |    30 ||   111

Table legend:
 A = Non-vault XP
 B = Vault XP
 C = Vault XP percentage of total XP
 D = Non-vault monster count
 E = Vault monster count
 F = Vault count percentage of total count
                 A         B        C        D         E       F
            +---------+---------+-------+---------+---------+-------
      Total |    1615 |     128 |   7.3 |     124 |      20 |  13.9
            +---------+---------+-------+---------+---------+-------
        D:1 |      41 |       0 |   0.0 |      26 |       0 |   0.0
        D:2 |      67 |      11 |  14.1 |      28 |       5 |  15.2
        D:3 |     104 |     117 |  52.9 |      22 |      15 |  40.5
        D:4 |     553 |       0 |   0.0 |      22 |       0 |   0.0
        D:5 |     850 |       0 |   0.0 |      26 |       0 |   0.0
            +---------+---------+-------+---------+---------+-------
